Predators vs Canadiens

Created - February 25, 2016 at 17:47

Goals
1 2 3 OT1 T
Predators 2 0 0 0 2
Canadiens 0 2 0 1 3
Shots
1 2 3 OT1 T
Predators 7 6 7 2 22
Canadiens 12 9 8 1 30

1st period

1. Predators , Valtteri Filppula 15 (Artem Anisimov, Kevin Hayes) at 2:06
2. Predators , Derick Brassard 21 (T.J. Oshie, Zach Bogosian) at 18:05

Penalties :
Cody Franson (NSH) for Hooking (Minor) at 7:15, Oscar Klefbom (NSH) for Tripping (Minor) at 9:48, Steve Ott (NSH) for Goalie Interference (Minor) at 14:51

2nd period

3. Canadiens , Dan Girardi 6 (Jordan Eberle, Adam Larsson) at 5:55
4. Canadiens , Jordan Eberle 26 (Jonathan Toews, Jonathan Ericsson) at 17:21

Penalties :
Jonathan Ericsson (MTL) for Slashing (Minor) at 2:08

3rd period

No Goal

Penalties :
Nick Holden (MTL) for Holding (Minor) at 2:08, Ian Cole (MTL) for Tripping (Minor) at 6:53, Jordan Eberle (MTL) for Hooking (Minor) at 8:53, Derick Brassard (NSH) for Holding (Minor) at 15:02, T.J. Oshie (NSH) for Tripping (Minor) at 17:02

Overtime #1

5. Canadiens , Jordan Eberle 27 (Adam Larsson, Martin Hanzal) at 2:08

Penalties :
No Penalty

Goalie Stats

Pekka Rinne (NSH), 27 saves from 30 shots - (0.900), OTL, 30-13-4, 62:09 minutes
Jonathan Bernier (MTL), 20 saves from 22 shots - (0.909), W, 25-17-4, 62:09 minutes

Players Stats for Predators

Player Name              G  A  P  +/- PIM S  H  SB GA TA FO     MP     PP MP  PK MP  
------------------------------------------------------------------------------------
Anton Stralman           0  0  0   1  0   0  0  1  0  0  0/0    14:21   0:00   0:23 
Artem Anisimov           0  1  1   0  0   1  2  0  0  0  0/0    17:40   0:00   5:29 
Cody Franson             0  0  0  -1  2   0  1  2  0  0  0/0    21:07   3:38   4:09 
Derick Brassard          1  0  1   0  2   3  1  0  0  0  5/10   20:30   3:33   0:00 
Jaden Schwartz           0  0  0   0  0   3  0  0  0  0  0/0    17:43   4:04   0:39 
Joe Colborne             0  0  0   0  0   1  0  0  0  0  1/6     5:20   0:00   3:21 
Kevin Hayes              0  1  1   0  0   1  2  0  0  0  1/2    12:30   0:19   0:00 
Max Pacioretty           0  0  0   0  0   1  3  0  0  0  0/0    17:20   3:16   0:00 
Nicklas Backstrom        0  0  0   0  0   3  3  0  0  0  24/38  23:40   4:04   5:31 
Oscar Klefbom            0  0  0   0  2   0  0  0  0  0  0/0    15:51   0:00   0:00 
Roman Josi               0  0  0   0  0   0  0  1  0  0  0/0    22:21   4:18   0:07 
Stephane Robidas         0  0  0   0  0   0  0  0  0  0  0/0     5:33   0:00   4:26 
Steve Ott                0  0  0   0  2   0  1  0  0  0  0/0     4:45   1:01   1:46 
Steven Stamkos           0  0  0   0  0   4  1  0  0  0  11/16  20:30   3:58   0:00 
T.J. Oshie               0  1  1   0  2   1  0  1  0  0  1/2    22:11   3:33   3:04 
Valtteri Filppula        1  0  1   0  0   3  0  0  0  0  5/14   12:11   0:00   0:00 
Zach Bogosian            0  1  1   1  0   1  0  1  0  0  0/0    24:15   4:18   5:23 
Zbynek Michalek          0  0  0  -1  0   0  2  1  0  0  0/0    20:48   3:38   5:22 

Players Stats for Canadiens

Player Name              G  A  P  +/- PIM S  H  SB GA TA FO     MP     PP MP  PK MP  
------------------------------------------------------------------------------------
Adam Larsson             0  2  2   0  0   0  0  0  0  0  0/0    25:38   3:36   4:06 
Cam Fowler               0  0  0  -1  0   2  0  2  0  0  0/0    25:01   3:36   3:48 
Chris Stewart            0  0  0   0  0   0  1  0  0  0  0/0     7:30   0:00   0:00 
Dale Weise               0  0  0  -1  0   2  1  0  0  0  0/1    10:28   0:22   3:49 
Dan Girardi              1  0  1   0  0   1  3  1  0  0  0/0    27:30   5:57   4:16 
Ian Cole                 0  0  0   1  2   1  0  0  0  0  0/0    16:06   5:57   0:34 
Jakob Silfverberg        0  0  0   0  0   0  0  1  0  0  1/1    11:22   0:00   3:52 
Jonathan Ericsson        0  1  1   1  2   1  0  2  0  0  0/0    13:31   0:22   3:08 
Jonathan Toews           0  1  1   1  0   5  1  0  0  0  15/31  22:22   5:15   0:00 
Jordan Eberle            2  1  3   1  2   6  2  1  0  0  0/3    21:40   5:15   0:00 
Josh Bailey              0  0  0   0  0   2  1  0  0  0  1/7    21:12   4:40   3:52 
Justin Abdelkader        0  0  0   0  0   2  3  0  0  0  1/2    17:20   4:40   0:00 
Martin Hanzal            0  1  1   0  0   3  1  1  0  0  15/20  18:33   4:40   0:00 
Nick Holden              0  0  0  -1  2   0  4  0  0  0  0/0    16:29   0:22   0:00 
Shawn Horcoff            0  0  0   0  0   3  1  0  0  0  3/7     7:45   0:00   0:15 
Stephen Gionta           0  0  0  -1  0   1  1  0  0  0  4/13   10:06   0:00   3:49 
Teemu Pulkkinen          0  0  0   1  0   0  0  0  0  0  0/3    21:46   4:53   0:15 
Tyler Kennedy            0  0  0  -1  0   1  0  0  0  0  0/0     6:17   0:00   0:00 

3 Stars

1 - Jordan Eberle (MTL)
2 - Dan Girardi (MTL)
3 - Valtteri Filppula (NSH)

Power Play

Predators - 0 on 4 Attempt(s) - 0.00%
Canadiens - 0 on 5 Attempt(s) - 0.00%

Penalty Kill

Predators - 5 on 5 Attempt(s) - 100.00% - Score 0 goal in Penalty Kill
Canadiens - 4 on 4 Attempt(s) - 100.00% - Score 0 goal in Penalty Kill

Team Stat

Predators - Hits : 16 - Faceoff Wins : 48 - Blocked Shots : 7 - Penalty Minutes : 10
Canadiens - Hits : 19 - Faceoff Wins : 40 - Blocked Shots : 8 - Penalty Minutes : 8

Official

Referees : Jon Mclsaac and Darcy Burchell
Linesman : Pierre Racicot and Tim Nowak

Game Notes

No Game Note

Finance

Level 1 -- Attendance: 6500 (100.00%) -- Ticket Income $715,000
Level 2 -- Attendance: 4572 (91.44%) -- Ticket Income $342,900
Level 3 -- Attendance: 3348 (95.66%) -- Ticket Income $184,140
Level 4 -- Attendance: 2808 (53.11%) -- Ticket Income $98,280
Luxury Box -- Attendance: 900 (90.00%) -- Ticket Income $179,100
Game was played at the Bell Centre.
Total Attendance: 18128 (85.16%)
Total Ticket Income: $1,519,420
Other Income: $227,913
Total Income: $1,747,333

% Time on Ice - Predators

Lines # - Real PCT - Wanted PCT - Time Play
Normal Forward
1 - 36% - 38% - 14:59
2 - 31% - 35% - 13:00
3 - 29% - 25% - 12:11
4 - 5% - 2% - 1:59
Normal Defense
1 - 36% - 36% - 15:16
2 - 33% - 34% - 13:58
3 - 28% - 30% - 11:48
4 - 3% - 0% - 1:07
PP Forward
1 - 51% - 57% - 4:04
2 - 49% - 43% - 3:52
PP Defense
1 - 54% - 60% - 4:18
2 - 46% - 40% - 3:38
PK Forward
1 - 66% - 60% - 6:34
2 - 34% - 40% - 3:21
PK Defense
1 - 55% - 60% - 5:29
2 - 45% - 40% - 4:26
PK3 Forward
1 - 0% - 60%
2 - 0% - 40%
PK3 Defense
1 - 0% - 60%
2 - 0% - 40%
44 Forward
1 - 0% - 60%
2 - 0% - 40%
44 Defense
1 - 0% - 60%
2 - 0% - 40%
Last Minute Offensive  - 0:00
Last Minute Defensive  - 0:00
Total
Forward - 60:00
Defense - 60:00

% Time on Ice - Canadiens

Lines # - Real PCT - Wanted PCT - Time Play
Normal Forward
1 - 37% - 35% - 15:42
2 - 30% - 30% - 12:40
3 - 18% - 20% - 7:30
4 - 15% - 15% - 6:17
Normal Defense
1 - 39% - 40% - 16:25
2 - 38% - 35% - 16:08
3 - 12% - 13% - 5:16
4 - 10% - 12% - 4:20
PP Forward
1 - 53% - 60% - 5:15
2 - 47% - 40% - 4:40
PP Defense
1 - 36% - 50% - 3:36
2 - 64% - 50% - 6:19
PK Forward
1 - 49% - 50% - 3:52
2 - 51% - 50% - 4:04
PK Defense
1 - 38% - 50% - 3:03
2 - 62% - 50% - 4:53
PK3 Forward
1 - 0% - 60%
2 - 0% - 40%
PK3 Defense
1 - 0% - 50%
2 - 0% - 50%
44 Forward
1 - 0% - 50%
2 - 0% - 50%
44 Defense
1 - 0% - 50%
2 - 0% - 50%
Last Minute Offensive  - 0:00
Last Minute Defensive  - 0:00
Total
Forward - 60:00
Defense - 60:00

Play by Play

1st period


0:01 of 1st period - Steven Stamkos wins face-off versus Teemu Pulkkinen in neutral zone.
0:04 of 1st period - Shot by T.J. Oshie.
0:04 of 1st period - Shot Misses the Net.
0:31 of 1st period - Icing by Roman Josi.
0:32 of 1st period - Justin Abdelkader wins face-off versus Steven Stamkos in Predators zone.
0:51 of 1st period - Shot by Steven Stamkos.
0:51 of 1st period - Stopped by Jonathan Bernier without a rebound.
0:52 of 1st period - Nicklas Backstrom wins face-off versus Shawn Horcoff in Canadiens zone.
1:31 of 1st period - Shot by Nicklas Backstrom.
1:31 of 1st period - Stopped by Jonathan Bernier with a rebound.
1:44 of 1st period - Icing by Ian Cole.
1:45 of 1st period - Jakob Silfverberg wins face-off versus Valtteri Filppula in Canadiens zone.
2:02 of 1st period - Shot by Artem Anisimov.
2:02 of 1st period - Shot Blocked by Cam Fowler.
2:04 of 1st period - Shot by Valtteri Filppula.
2:04 of 1st period - Shot Misses the Net.
2:06 of 1st period - Shot by Valtteri Filppula.
2:06 of 1st period - Goal by Valtteri Filppula - Predators : 1 - Canadiens : 0.
2:07 of 1st period - Martin Hanzal wins face-off versus Derick Brassard in neutral zone.
2:14 of 1st period - Shot by Martin Hanzal.
2:14 of 1st period - Stopped by Pekka Rinne without a rebound.
2:15 of 1st period - Jonathan Toews wins face-off versus Valtteri Filppula in Predators zone.
4:09 of 1st period - Off-side.
4:10 of 1st period - Martin Hanzal wins face-off versus Nicklas Backstrom in neutral zone.
4:17 of 1st period - Shot by Justin Abdelkader.
4:17 of 1st period - Stopped by Pekka Rinne without a rebound.
4:18 of 1st period - Martin Hanzal wins face-off versus Valtteri Filppula in Predators zone.
4:18 of 1st period - Josh Bailey is hit by Cody Franson and loses puck.
4:54 of 1st period - Off-side.
4:55 of 1st period - Nicklas Backstrom wins face-off versus Dale Weise in neutral zone.
5:32 of 1st period - Anton Stralman is hit by Dale Weise and loses puck.
5:38 of 1st period - Icing by Anton Stralman.
5:39 of 1st period - Nicklas Backstrom wins face-off versus Justin Abdelkader in Predators zone.
5:39 of 1st period - Nicklas Backstrom is hit by Justin Abdelkader.
5:51 of 1st period - Josh Bailey is hit by Max Pacioretty and loses puck.
6:31 of 1st period - Icing by Cam Fowler.
6:32 of 1st period - Josh Bailey wins face-off versus Valtteri Filppula in Canadiens zone.
7:15 of 1st period - Minor Penalty to Cody Franson for Hooking.
7:16 of 1st period - Nicklas Backstrom wins face-off versus Jonathan Toews in Predators zone.
7:33 of 1st period - Shot by Dan Girardi.
7:33 of 1st period - Shot Misses the Net.
7:35 of 1st period - Shot by Ian Cole.
7:35 of 1st period - Stopped by Pekka Rinne without a rebound.
7:36 of 1st period - Nicklas Backstrom wins face-off versus Jonathan Toews in Predators zone.
7:42 of 1st period - Icing by Jonathan Toews.
7:43 of 1st period - Nicklas Backstrom wins face-off versus Jonathan Toews in Canadiens zone.
7:48 of 1st period - Shot by Nicklas Backstrom.
7:48 of 1st period - Shot Misses the Net.
8:41 of 1st period - Shot by Josh Bailey.
8:41 of 1st period - Stopped by Pekka Rinne without a rebound.
8:42 of 1st period - Martin Hanzal wins face-off versus Joe Colborne in Predators zone.
9:48 of 1st period - Shot by Stephen Gionta.
9:48 of 1st period - Stopped by Pekka Rinne without a rebound.
9:48 of 1st period - Minor Penalty to Oscar Klefbom for Tripping.
9:49 of 1st period - Jonathan Toews wins face-off versus Nicklas Backstrom in Predators zone.
9:54 of 1st period - Shot by Jordan Eberle.
9:54 of 1st period - Deflect By Jonathan Toews.
9:54 of 1st period - Stopped by Pekka Rinne without a rebound.
9:55 of 1st period - Nicklas Backstrom wins face-off versus Jonathan Toews in Predators zone.
10:03 of 1st period - Icing by Jordan Eberle.
10:04 of 1st period - Jonathan Toews wins face-off versus Nicklas Backstrom in Canadiens zone.
10:04 of 1st period - Jonathan Toews is hit by Nicklas Backstrom.
10:40 of 1st period - Icing by Jonathan Toews.
10:41 of 1st period - Joe Colborne wins face-off versus Jonathan Toews in Canadiens zone.
11:40 of 1st period - Shot by Martin Hanzal.
11:40 of 1st period - Stopped by Pekka Rinne without a rebound.
11:41 of 1st period - Nicklas Backstrom wins face-off versus Jonathan Toews in Predators zone.
11:59 of 1st period - Off-side.
12:00 of 1st period - Steven Stamkos wins face-off versus Stephen Gionta in neutral zone.
12:26 of 1st period - Dan Girardi is hit by Derick Brassard and loses puck.
12:57 of 1st period - Shot by Jordan Eberle.
12:57 of 1st period - Shot Misses the Net.
13:17 of 1st period - Shot by Jordan Eberle.
13:17 of 1st period - Shot Blocked by Zach Bogosian.
13:19 of 1st period - Shot by Jonathan Toews.
13:19 of 1st period - Stopped by Pekka Rinne without a rebound.
13:20 of 1st period - Martin Hanzal wins face-off versus Nicklas Backstrom in Predators zone.
14:40 of 1st period - Icing by Adam Larsson.
14:41 of 1st period - Jonathan Toews wins face-off versus Derick Brassard in Canadiens zone.
14:51 of 1st period - Minor Penalty to Steve Ott for Goalie Interference.
14:52 of 1st period - Nicklas Backstrom wins face-off versus Jonathan Toews in Predators zone.
15:39 of 1st period - T.J. Oshie is hit by Jordan Eberle and loses puck.
16:07 of 1st period - Off-side.
16:08 of 1st period - Martin Hanzal wins face-off versus Joe Colborne in neutral zone.
16:17 of 1st period - Shot by Cam Fowler.
16:17 of 1st period - Stopped by Pekka Rinne without a rebound.
16:18 of 1st period - Martin Hanzal wins face-off versus Joe Colborne in Predators zone.
16:51 of 1st period - Shot by Josh Bailey.
16:51 of 1st period - Stopped by Pekka Rinne without a rebound.
16:52 of 1st period - Shawn Horcoff wins face-off versus Steven Stamkos in Predators zone.
17:23 of 1st period - Shot by Derick Brassard.
17:23 of 1st period - Stopped by Jonathan Bernier without a rebound.
17:24 of 1st period - Nicklas Backstrom wins face-off versus Jonathan Toews in Canadiens zone.
17:37 of 1st period - Shot by Teemu Pulkkinen.
17:37 of 1st period - Deflect By Jonathan Toews.
17:37 of 1st period - Shot Misses the Net.
17:39 of 1st period - Shot by Dan Girardi.
17:39 of 1st period - Shot Misses the Net.
17:41 of 1st period - Shot by Adam Larsson.
17:41 of 1st period - Shot Misses the Net.
17:45 of 1st period - Shot by Jonathan Toews.
17:45 of 1st period - Stopped by Pekka Rinne without a rebound.
17:46 of 1st period - Valtteri Filppula wins face-off versus Martin Hanzal in Predators zone.
17:59 of 1st period - Shot by Valtteri Filppula.
17:59 of 1st period - Stopped by Jonathan Bernier without a rebound.
18:00 of 1st period - Steven Stamkos wins face-off versus Jonathan Toews in Canadiens zone.
18:05 of 1st period - Shot by Derick Brassard.
18:05 of 1st period - The goal is going for a video replay.
18:05 of 1st period - The goal is good.
18:05 of 1st period - Goal by Derick Brassard - Predators : 2 - Canadiens : 0.
18:06 of 1st period - Nicklas Backstrom wins face-off versus Jonathan Toews in neutral zone.
18:15 of 1st period - Shot by Max Pacioretty.
18:15 of 1st period - Stopped by Jonathan Bernier without a rebound.
18:16 of 1st period - Steven Stamkos wins face-off versus Jonathan Toews in Canadiens zone.
19:20 of 1st period - Shot by Jaden Schwartz.
19:20 of 1st period - Shot Misses the Net.
19:32 of 1st period - Shot by Nicklas Backstrom.
19:32 of 1st period - Shot Misses the Net.
19:35 of 1st period - Icing by Adam Larsson.
19:36 of 1st period - Jonathan Toews wins face-off versus Valtteri Filppula in Canadiens zone.
19:55 of 1st period - Shot by Martin Hanzal.
19:55 of 1st period - Stopped by Pekka Rinne without a rebound.
19:56 of 1st period - Nicklas Backstrom wins face-off versus Shawn Horcoff in Predators zone.
Goals for this period are 2 for Predators vs 0 for Canadiens.
Shots for this period are 7 for Predators vs 12 for Canadiens.

2nd period


0:01 of 2nd period - Nicklas Backstrom wins face-off versus Martin Hanzal in neutral zone.
0:12 of 2nd period - Shot by Max Pacioretty.
0:12 of 2nd period - Deflect By Nicklas Backstrom.
0:12 of 2nd period - Shot Misses the Net.
0:29 of 2nd period - Icing by Dan Girardi.
0:30 of 2nd period - Martin Hanzal wins face-off versus Steven Stamkos in Canadiens zone.
0:41 of 2nd period - Anton Stralman is hit by Justin Abdelkader and loses puck.
1:48 of 2nd period - Shot by Nicklas Backstrom.
1:48 of 2nd period - Shot Misses the Net.
1:50 of 2nd period - Shot by Jaden Schwartz.
1:50 of 2nd period - Shot Blocked by Jordan Eberle.
1:52 of 2nd period - Shot by Nicklas Backstrom.
1:52 of 2nd period - Stopped by Jonathan Bernier without a rebound.
1:53 of 2nd period - Shawn Horcoff wins face-off versus Valtteri Filppula in Canadiens zone.
1:53 of 2nd period - Shawn Horcoff is hit by Kevin Hayes.
1:58 of 2nd period - Jakob Silfverberg is hit by Artem Anisimov and loses puck.
2:03 of 2nd period - Shot by Valtteri Filppula.
2:03 of 2nd period - Deflect By Kevin Hayes.
2:03 of 2nd period - Shot Misses the Net.
2:08 of 2nd period - Minor Penalty to Jonathan Ericsson for Slashing.
2:09 of 2nd period - Nicklas Backstrom wins face-off versus Stephen Gionta in Canadiens zone.
2:22 of 2nd period - Shot by Roman Josi.
2:22 of 2nd period - Shot Misses the Net.
2:48 of 2nd period - Dan Girardi is hit by Steven Stamkos and loses puck.
3:36 of 2nd period - Shot by Dale Weise.
3:36 of 2nd period - Stopped by Pekka Rinne without a rebound.
3:37 of 2nd period - Stephen Gionta wins face-off versus T.J. Oshie in Predators zone.
4:11 of 2nd period - Icing by Jonathan Ericsson.
4:12 of 2nd period - Valtteri Filppula wins face-off versus Jonathan Toews in Canadiens zone.
4:21 of 2nd period - Shot by Jordan Eberle.
4:21 of 2nd period - Stopped by Pekka Rinne without a rebound.
4:22 of 2nd period - Martin Hanzal wins face-off versus Valtteri Filppula in Predators zone.
4:43 of 2nd period - Shot by Justin Abdelkader.
4:43 of 2nd period - Shot Misses the Net.
4:49 of 2nd period - Ian Cole is hit by Kevin Hayes.
5:29 of 2nd period - Shot by Jakob Silfverberg.
5:29 of 2nd period - Shot Misses the Net.
5:45 of 2nd period - Shot by Shawn Horcoff.
5:45 of 2nd period - Stopped by Pekka Rinne without a rebound.
5:46 of 2nd period - Steven Stamkos wins face-off versus Jonathan Toews in Predators zone.
5:46 of 2nd period - Steven Stamkos is hit by Jonathan Toews.
5:49 of 2nd period - Icing by Derick Brassard.
5:50 of 2nd period - Jonathan Toews wins face-off versus Steven Stamkos in Predators zone.
5:53 of 2nd period - Shot by Jordan Eberle.
5:53 of 2nd period - Shot Misses the Net.
5:55 of 2nd period - Shot by Dan Girardi.
5:55 of 2nd period - Goal by Dan Girardi - Predators : 2 - Canadiens : 1.
5:56 of 2nd period - Steven Stamkos wins face-off versus Teemu Pulkkinen in neutral zone.
6:16 of 2nd period - Shot by Jordan Eberle.
6:16 of 2nd period - Stopped by Pekka Rinne without a rebound.
6:17 of 2nd period - Nicklas Backstrom wins face-off versus Shawn Horcoff in Predators zone.
6:17 of 2nd period - Jaden Schwartz is hit by Chris Stewart and loses puck.
6:55 of 2nd period - Max Pacioretty is hit by Nick Holden and loses puck.
7:12 of 2nd period - Zach Bogosian is hit by Shawn Horcoff and loses puck.
7:42 of 2nd period - Icing by Anton Stralman.
7:43 of 2nd period - Steven Stamkos wins face-off versus Jordan Eberle in Predators zone.
8:02 of 2nd period - Shot by Steven Stamkos.
8:02 of 2nd period - Shot Misses the Net.
9:01 of 2nd period - Oscar Klefbom is hit by Martin Hanzal and loses puck.
9:12 of 2nd period - Shot by Justin Abdelkader.
9:12 of 2nd period - Shot Misses the Net.
9:49 of 2nd period - Icing by Roman Josi.
9:50 of 2nd period - Valtteri Filppula wins face-off versus Stephen Gionta in Predators zone.
10:22 of 2nd period - Shot by Dale Weise.
10:22 of 2nd period - Shot Blocked by Zbynek Michalek.
10:28 of 2nd period - Shot by Tyler Kennedy.
10:28 of 2nd period - Stopped by Pekka Rinne without a rebound.
10:29 of 2nd period - Steven Stamkos wins face-off versus Shawn Horcoff in Predators zone.
10:41 of 2nd period - Derick Brassard is hit by Dan Girardi and loses puck.
11:27 of 2nd period - Shot by Jordan Eberle.
11:27 of 2nd period - Shot Misses the Net.
11:29 of 2nd period - Shot by Ian Cole.
11:29 of 2nd period - Shot Misses the Net.
11:31 of 2nd period - Shot by Ian Cole.
11:31 of 2nd period - Shot Misses the Net.
11:33 of 2nd period - Shot by Jonathan Toews.
11:33 of 2nd period - Shot Misses the Net.
11:35 of 2nd period - Shot by Jonathan Ericsson.
11:35 of 2nd period - Stopped by Pekka Rinne without a rebound.
11:36 of 2nd period - Martin Hanzal wins face-off versus Nicklas Backstrom in Predators zone.
11:46 of 2nd period - Cam Fowler is hit by Zbynek Michalek and loses puck.
11:52 of 2nd period - Josh Bailey is hit by Zbynek Michalek and loses puck.
12:10 of 2nd period - Off-side.
12:11 of 2nd period - Jonathan Toews wins face-off versus Derick Brassard in neutral zone.
12:21 of 2nd period - Icing by Roman Josi.
12:22 of 2nd period - Derick Brassard wins face-off versus Stephen Gionta in Predators zone.
12:24 of 2nd period - Icing by Roman Josi.
12:25 of 2nd period - Jonathan Toews wins face-off versus Derick Brassard in Predators zone.
12:58 of 2nd period - Shot by Jordan Eberle.
12:58 of 2nd period - Stopped by Pekka Rinne without a rebound.
12:59 of 2nd period - Nicklas Backstrom wins face-off versus Martin Hanzal in Predators zone.
12:59 of 2nd period - Nicklas Backstrom is hit by Justin Abdelkader.
13:04 of 2nd period - Off-side.
13:05 of 2nd period - Nicklas Backstrom wins face-off versus Martin Hanzal in neutral zone.
13:22 of 2nd period - Cam Fowler is hit by Max Pacioretty and loses puck.
13:34 of 2nd period - Max Pacioretty is hit by Nick Holden and loses puck.
13:37 of 2nd period - Shot by Nicklas Backstrom.
13:37 of 2nd period - Deflect By Jaden Schwartz.
13:37 of 2nd period - Shot Misses the Net.
13:39 of 2nd period - Shot by Jaden Schwartz.
13:39 of 2nd period - Stopped by Jonathan Bernier without a rebound.
13:40 of 2nd period - Valtteri Filppula wins face-off versus Jonathan Toews in Canadiens zone.
14:06 of 2nd period - Shot by Jordan Eberle.
14:06 of 2nd period - Shot Blocked by Cody Franson.
14:16 of 2nd period - Dan Girardi is hit by Artem Anisimov and loses puck.
14:45 of 2nd period - Shot by Steven Stamkos.
14:45 of 2nd period - Stopped by Jonathan Bernier with a rebound.
14:51 of 2nd period - Shot by T.J. Oshie.
14:51 of 2nd period - Shot Blocked by Cam Fowler.
14:59 of 2nd period - Shot by Derick Brassard.
14:59 of 2nd period - Shot Misses the Net.
15:01 of 2nd period - Shot by Steven Stamkos.
15:01 of 2nd period - Stopped by Jonathan Bernier with a rebound.
15:22 of 2nd period - Icing by Cam Fowler.
15:23 of 2nd period - Martin Hanzal wins face-off versus Nicklas Backstrom in Canadiens zone.
15:23 of 2nd period - Martin Hanzal is hit by Nicklas Backstrom.
16:37 of 2nd period - Shot by Artem Anisimov.
16:37 of 2nd period - Stopped by Jonathan Bernier without a rebound.
16:38 of 2nd period - Steven Stamkos wins face-off versus Stephen Gionta in Canadiens zone.
16:56 of 2nd period - Off-side.
16:57 of 2nd period - Jonathan Toews wins face-off versus Valtteri Filppula in neutral zone.
17:15 of 2nd period - Shot by Jonathan Toews.
17:15 of 2nd period - Shot Misses the Net.
17:21 of 2nd period - Shot by Jordan Eberle.
17:21 of 2nd period - Goal by Jordan Eberle - Predators : 2 - Canadiens : 2.
17:22 of 2nd period - Steven Stamkos wins face-off versus Stephen Gionta in neutral zone.
17:24 of 2nd period - T.J. Oshie is hit by Dan Girardi and loses puck.
17:37 of 2nd period - Shot by Dale Weise.
17:37 of 2nd period - Shot Misses the Net.
18:05 of 2nd period - Shot by Tyler Kennedy.
18:05 of 2nd period - Shot Hit the Post.
18:46 of 2nd period - Shot by Jordan Eberle.
18:46 of 2nd period - Shot Blocked by T.J. Oshie.
19:30 of 2nd period - Shot by Shawn Horcoff.
19:30 of 2nd period - Shot Misses the Net.
19:44 of 2nd period - Shot by Jaden Schwartz.
19:44 of 2nd period - Stopped by Jonathan Bernier without a rebound.
19:45 of 2nd period - Valtteri Filppula wins face-off versus Stephen Gionta in Canadiens zone.
19:45 of 2nd period - Valtteri Filppula is hit by Dan Girardi.
Goals for this period are 0 for Predators vs 2 for Canadiens.
Shots for this period are 6 for Predators vs 9 for Canadiens.

3rd period


0:01 of 3rd period - Jonathan Toews wins face-off versus Nicklas Backstrom in neutral zone.
0:42 of 3rd period - Icing by Zach Bogosian.
0:43 of 3rd period - Martin Hanzal wins face-off versus Nicklas Backstrom in Predators zone.
1:06 of 3rd period - Josh Bailey is hit by Max Pacioretty.
1:14 of 3rd period - Shot by Josh Bailey.
1:14 of 3rd period - Shot Blocked by Anton Stralman.
1:45 of 3rd period - Steven Stamkos is hit by Nick Holden and loses puck.
1:50 of 3rd period - Shot by Derick Brassard.
1:50 of 3rd period - Stopped by Jonathan Bernier with a rebound.
1:54 of 3rd period - Shot by Derick Brassard.
1:54 of 3rd period - Shot Misses the Net.
2:08 of 3rd period - Minor Penalty to Nick Holden for Holding.
2:09 of 3rd period - Derick Brassard wins face-off versus Stephen Gionta in Canadiens zone.
2:26 of 3rd period - Icing by Zbynek Michalek.
2:27 of 3rd period - Stephen Gionta wins face-off versus Derick Brassard in Predators zone.
2:44 of 3rd period - Shot by Dale Weise.
2:44 of 3rd period - Stopped by Pekka Rinne without a rebound.
2:45 of 3rd period - Nicklas Backstrom wins face-off versus Josh Bailey in Predators zone.
3:18 of 3rd period - Icing by Zach Bogosian.
3:19 of 3rd period - Stephen Gionta wins face-off versus Nicklas Backstrom in Predators zone.
3:30 of 3rd period - Shot by Dale Weise.
3:30 of 3rd period - Shot Blocked by Roman Josi.
3:33 of 3rd period - Icing by Roman Josi.
3:34 of 3rd period - Nicklas Backstrom wins face-off versus Josh Bailey in Predators zone.
3:34 of 3rd period - Nicklas Backstrom is hit by Josh Bailey.
4:24 of 3rd period - Shot by Valtteri Filppula.
4:24 of 3rd period - Stopped by Jonathan Bernier without a rebound.
4:25 of 3rd period - Derick Brassard wins face-off versus Martin Hanzal in Canadiens zone.
4:30 of 3rd period - Shot by Joe Colborne.
4:30 of 3rd period - Shot Blocked by Martin Hanzal.
4:32 of 3rd period - Shot by Derick Brassard.
4:32 of 3rd period - Shot Misses the Net.
4:40 of 3rd period - Shot by Derick Brassard.
4:40 of 3rd period - Shot Blocked by Dan Girardi.
4:42 of 3rd period - Shot by Derick Brassard.
4:42 of 3rd period - Deflect By Joe Colborne.
4:42 of 3rd period - Stopped by Jonathan Bernier without a rebound.
4:43 of 3rd period - Kevin Hayes wins face-off versus Jonathan Toews in Canadiens zone.
4:49 of 3rd period - Valtteri Filppula is hit by Nick Holden and loses puck.
5:58 of 3rd period - Shot by Steven Stamkos.
5:58 of 3rd period - Shot Misses the Net.
6:12 of 3rd period - Cody Franson is hit by Stephen Gionta and loses puck.
6:53 of 3rd period - Minor Penalty to Ian Cole for Tripping.
6:54 of 3rd period - Nicklas Backstrom wins face-off versus Josh Bailey in Canadiens zone.
6:57 of 3rd period - Shot by Steven Stamkos.
6:57 of 3rd period - Shot Misses the Net.
7:05 of 3rd period - Shot by Jaden Schwartz.
7:05 of 3rd period - Stopped by Jonathan Bernier without a rebound.
7:06 of 3rd period - Derick Brassard wins face-off versus Josh Bailey in Canadiens zone.
7:07 of 3rd period - Shot by T.J. Oshie.
7:07 of 3rd period - Shot Misses the Net.
7:09 of 3rd period - Shot by Roman Josi.
7:09 of 3rd period - Deflect By T.J. Oshie.
7:09 of 3rd period - Shot Misses the Net.
8:12 of 3rd period - Shot by Jaden Schwartz.
8:12 of 3rd period - Deflect By Steven Stamkos.
8:12 of 3rd period - Shot Misses the Net.
8:31 of 3rd period - Adam Larsson is hit by Nicklas Backstrom and loses puck.
8:53 of 3rd period - Minor Penalty to Jordan Eberle for Hooking.
8:54 of 3rd period - Derick Brassard wins face-off versus Josh Bailey in Canadiens zone.
9:01 of 3rd period - Shot by Max Pacioretty.
9:01 of 3rd period - Shot Blocked by Jakob Silfverberg.
9:49 of 3rd period - Shot by Jaden Schwartz.
9:49 of 3rd period - Deflect By Nicklas Backstrom.
9:49 of 3rd period - Stopped by Jonathan Bernier without a rebound.
9:50 of 3rd period - Nicklas Backstrom wins face-off versus Josh Bailey in Canadiens zone.
10:09 of 3rd period - Shot by Jaden Schwartz.
10:09 of 3rd period - Shot Blocked by Jonathan Ericsson.
10:39 of 3rd period - Shawn Horcoff is hit by Steve Ott and loses puck.
10:44 of 3rd period - Shot by Kevin Hayes.
10:44 of 3rd period - Stopped by Jonathan Bernier with a rebound.
10:46 of 3rd period - Shot by Zach Bogosian.
10:46 of 3rd period - Stopped by Jonathan Bernier without a rebound.
10:47 of 3rd period - Nicklas Backstrom wins face-off versus Stephen Gionta in Canadiens zone.
11:04 of 3rd period - Shot by Jonathan Toews.
11:04 of 3rd period - Stopped by Pekka Rinne without a rebound.
11:05 of 3rd period - Jonathan Toews wins face-off versus Kevin Hayes in Predators zone.
11:12 of 3rd period - Shot by Jonathan Toews.
11:12 of 3rd period - Shot Misses the Net.
11:14 of 3rd period - Shot by Jordan Eberle.
11:14 of 3rd period - Shot Misses the Net.
11:16 of 3rd period - Shot by Jonathan Toews.
11:16 of 3rd period - Stopped by Pekka Rinne with a rebound.
11:47 of 3rd period - Icing by Jonathan Ericsson.
11:48 of 3rd period - Steven Stamkos wins face-off versus Jonathan Toews in Canadiens zone.
11:49 of 3rd period - Shot by Derick Brassard.
11:49 of 3rd period - Shot Blocked by Jonathan Ericsson.
12:32 of 3rd period - Shot by Justin Abdelkader.
12:32 of 3rd period - Stopped by Pekka Rinne without a rebound.
12:33 of 3rd period - Shawn Horcoff wins face-off versus Nicklas Backstrom in Predators zone.
12:46 of 3rd period - Shot by Jakob Silfverberg.
12:46 of 3rd period - Deflect By Shawn Horcoff.
12:46 of 3rd period - Stopped by Pekka Rinne without a rebound.
12:47 of 3rd period - Stephen Gionta wins face-off versus Valtteri Filppula in Predators zone.
13:09 of 3rd period - Shot by Tyler Kennedy.
13:09 of 3rd period - Shot Misses the Net.
14:55 of 3rd period - Shot by T.J. Oshie.
14:55 of 3rd period - Shot Misses the Net.
15:02 of 3rd period - Minor Penalty to Derick Brassard for Holding.
15:03 of 3rd period - Nicklas Backstrom wins face-off versus Teemu Pulkkinen in Predators zone.
15:12 of 3rd period - Zach Bogosian is hit by Jordan Eberle.
15:24 of 3rd period - Shot by Jonathan Toews.
15:24 of 3rd period - Shot Misses the Net.
16:53 of 3rd period - Shot by Jordan Eberle.
16:53 of 3rd period - Stopped by Pekka Rinne without a rebound.
16:54 of 3rd period - Martin Hanzal wins face-off versus Joe Colborne in Predators zone.
17:02 of 3rd period - Minor Penalty to T.J. Oshie for Tripping.
17:03 of 3rd period - Jonathan Toews wins face-off versus Joe Colborne in Predators zone.
17:06 of 3rd period - Shot by Cam Fowler.
17:06 of 3rd period - Shot Misses the Net.
17:14 of 3rd period - Shot by Adam Larsson.
17:14 of 3rd period - Deflect By Jordan Eberle.
17:14 of 3rd period - Shot Misses the Net.
17:16 of 3rd period - Shot by Cam Fowler.
17:16 of 3rd period - Shot Blocked by Cody Franson.
17:18 of 3rd period - Shot by Jonathan Toews.
17:18 of 3rd period - Shot Misses the Net.
17:20 of 3rd period - Shot by Adam Larsson.
17:20 of 3rd period - Shot Misses the Net.
17:26 of 3rd period - Shot by Cam Fowler.
17:26 of 3rd period - Stopped by Pekka Rinne without a rebound.
17:27 of 3rd period - Martin Hanzal wins face-off versus Nicklas Backstrom in Predators zone.
17:45 of 3rd period - Icing by Ian Cole.
17:46 of 3rd period - Martin Hanzal wins face-off versus Nicklas Backstrom in Canadiens zone.
19:36 of 3rd period - Shot by Shawn Horcoff.
19:36 of 3rd period - Stopped by Pekka Rinne without a rebound.
19:37 of 3rd period - Jonathan Toews wins face-off versus Nicklas Backstrom in Predators zone.
19:41 of 3rd period - Icing by Anton Stralman.
19:42 of 3rd period - Nicklas Backstrom wins face-off versus Jordan Eberle in Predators zone.
Goals for this period are 0 for Predators vs 0 for Canadiens.
Shots for this period are 7 for Predators vs 8 for Canadiens.

Overtime #1


0:01 of 1st overtime period - Jonathan Toews wins face-off versus Nicklas Backstrom in neutral zone.
0:46 of 1st overtime period - Shot by Steven Stamkos.
0:46 of 1st overtime period - Stopped by Jonathan Bernier without a rebound.
0:47 of 1st overtime period - T.J. Oshie wins face-off versus Jordan Eberle in Canadiens zone.
1:04 of 1st overtime period - Shot by T.J. Oshie.
1:04 of 1st overtime period - Stopped by Jonathan Bernier without a rebound.
1:05 of 1st overtime period - Jonathan Toews wins face-off versus Steven Stamkos in Canadiens zone.
2:08 of 1st overtime period - Shot by Jordan Eberle.
2:08 of 1st overtime period - Goal by Jordan Eberle - Predators : 2 - Canadiens : 3.
Goals for this period are 0 for Predators vs 1 for Canadiens.
Shots for this period are 2 for Predators vs 1 for Canadiens.